 Dungeon Crawl Stone Soup version 0.31.0-12-g77e489cdc1 (webtiles) character file.

Game seed: 4897641473198214192

9964 workbot the Severer (level 11, 0/84 HPs)
             Began as a Minotaur Berserker on Feb 15, 2024.
             Was a High Priest of Trog.
             Engulfed by a cloud of freezing vapour (4 damage)
             ... in an ice cave.
             The game lasted 00:27:44 (9557 turns).

workbot the Severer (Minotaur Berserker)            Turns: 9557, Time: 00:27:45

Health: 0/84       AC: 17    Str: 29    XL:     11   Next: 30%
Magic:  10/10      EV:  4    Int:  4    God:    Trog [*****.]
Gold:   815        SH:  8    Dex: 16    Spells: 10/10 levels left

rFire   + . .        x - +6 hand axe of Tension {flame, Fly Str+3}
rCold   . . .        C - +0 kite shield
rNeg    + . .        y - +2 plate armour {rF+}
rPois   .            u - +2 hat
rElec   .            t - +1 cloak
rCorr   .            (no gloves)
SInv    .            (no boots)
Will    .....        o - amulet of the acrobat Stlth
                     v - +6 ring of dexterity
HPRegen 0.34/turn    a - ring of positive energy
MPRegen 0.12/turn

%: acrobat
@: about to teleport, flying, constricted
A: horns 2, retaliatory headbutt
a: Renounce Religion, Berserk, Trog's Hand, Brothers in Arms


You were in an ice cave.
You worshipped Trog.
Trog was extremely pleased with you.
You visited 1 branch of the dungeon, and saw 11 of its levels.
You also visited: Bailey and Ice Cave.

You collected 815 gold pieces.

Inventory:

Hand Weapons
 g - a +4 spectral dire flail
 m - a +6 heavy battleaxe
 x - the +6 hand axe of Tension (weapon) {flame, Fly Str+3}
   (You took it off Grum on level 9 of the Dungeon)

   Str+3:     It affects your strength (+3).
   Fly:       It grants you flight.
Armour
 t - a +1 cloak (worn)
 u - a +2 hat (worn)
 y - a +2 plate armour of fire resistance (worn)
 C - a +0 kite shield (worn)
Jewellery
 a - a ring of positive energy (right hand)
 o - an amulet of the acrobat (around neck)
 v - a +6 ring of dexterity (left hand)
Wands
 l - a wand of paralysis (10)
 n - a wand of polymorph (14)
 p - a wand of iceblast (4)
 A - a wand of quicksilver (4)
Scrolls
 c - 4 scrolls of fog
 k - 6 scrolls of teleportation
 r - a scroll of blinking
 w - a scroll of fear {unknown}
Potions
 d - 5 potions of curing
 e - 2 potions of might {unknown}
 f - 3 potions of enlightenment
 i - 2 potions of mutation
 z - a potion of resistance {unknown}
 B - a potion of invisibility {unknown}
Miscellaneous
 s - a lightning rod (4/4)


   Skills:
 * Level 4.1 Fighting
 - Level 19.8 Axes
 + Level 2.6 Armour
 - Level 2.1 Dodging
 - Level 4.0 Stealth
 + Level 0.9 Shields


You had 10 spell levels left.
You didn't know any spells.
Your spell library was empty.

Dungeon Overview and Level Annotations

Branches:
Dungeon (11/15)            Temple (0/1) D:5            Lair (0/5) D:10
 Bailey (visited)           IceCv (1/1)
    Orc: D:9-12

Altars:
Cheibriados
Dithmenos
Gozag
Kikubaaqudgha
Okawaru
Qazlal
Sif Muna
Trog
The Shining One


Innate Abilities, Weirdness & Mutations

You have a pair of horns on your head.
You reflexively headbutt those who attack you in melee.


Message History

A polar bear simulacrum comes into view.
An ice devil comes into view.
You hit the troll simulacrum.
You melt the troll simulacrum.
The troll simulacrum is lightly damaged.
You slash the ufetubus! You burn the ufetubus.
You kill the ufetubus!
Trog accepts your kill.
You are engulfed in freezing vapours.
You hit the troll simulacrum.
You melt the troll simulacrum.
The troll simulacrum is heavily damaged.
You are engulfed in freezing vapours.
The white imp laughs crazily.
The troll simulacrum completely misses you.
The troll simulacrum barely misses you. The troll simulacrum claws you!
The troll simulacrum freezes you!!
You feel much better.
You are engulfed in freezing vapours.
The anaconda simulacrum grabs you. The anaconda simulacrum bites you.
The anaconda simulacrum freezes you! The anaconda simulacrum constricts you.
You block the ufetubus's attack. The ufetubus hits you.
The anaconda simulacrum barely misses you.
The anaconda simulacrum constricts you.
As you read the scroll of teleportation, it crumbles to dust.
You feel strangely unstable.
You are engulfed in freezing vapours.
* * * LOW HITPOINT WARNING * * *
You block the ufetubus's attack. The ufetubus barely misses you.
You block the anaconda simulacrum's attack.
The anaconda simulacrum constricts you. The ufetubus barely misses you.
You furiously retaliate!
You headbutt the ufetubus.
The ufetubus hits you but does no damage.
You are too injured to fight recklessly!
You slash the white imp! You burn the white imp.
You kill the white imp!
Trog accepts your kill.
You hit the ufetubus. You burn the ufetubus.
You kill the ufetubus!
Trog accepts your kill.
You hit the troll simulacrum.
You melt the troll simulacrum.
You slash the anaconda simulacrum!
You melt the anaconda simulacrum.
You are engulfed in freezing vapours.
You die...

##........##
##..........
.#..........##
.........Z...#
.....Z..4.#
..5.....#
#Z...# ##@§#
#Z§○##
#...§§#§.##
.Z#§☼☼##..#
#####...#
##...## #...##
#...## ##...#


You could see an ice devil, an anaconda simulacrum, a death yak simulacrum, a
polar bear simulacrum, a troll simulacrum and an ufetubus.

Vanquished Creatures
  An orc warlord (Bailey)
  A very ugly thing (D:9)
  The ghost of becking the Basher, a novice GrFi of Gozag (D:9)
  Pikel (D:7)
  An orc knight (Bailey)
  A komodo dragon (D:10)
  2 hornets
  Sigmund (D:6)
  A shadow (D:9)
  A wraith (D:7)
  A wyvern (D:8)
  Grum (D:9)
  2 steam dragons
  A basilisk (D:9)
  A yak (D:9)
  An acid dragon (D:9)
  A water moccasin (D:7)
  A sky beast (D:8)
  15 orc warriors
  An ice beast (D:7)
  A black bear (D:7)
  4 wolves (D:9)
  A centaur (D:8)
  2 kobold brigands
  A lemure (D:7)
  2 gnoll sergeants (D:10)
  3 bullfrogs
  A scorpion (D:5)
  A two-headed ogre simulacrum (D:11)
  15 wights
  2 howler monkeys (D:5)
  4 killer bees (D:7)
  4 crimson imps (D:8)
  3 hounds
  A jelly (D:6)
  7 orc priests
  An iguana (D:4)
  7 orc wizards
  3 spriggan simulacra
  12 gnolls
  4 adders
  A naga simulacrum (D:11)
  A shadow imp (D:5)
  9 white imps
  2 ufetubi (IceCv)
  3 dart slugs (D:2)
  A ribbon worm (D:3)
  37 orcs
  2 endoplasms
  5 giant cockroaches
  24 goblins
  15 hobgoblins
  3 jackals (D:1)
  19 kobolds
  6 quokkas
  11 ball pythons
  5 bats
  4 frilled lizards
  11 rats
274 creatures vanquished.

Vanquished Creatures (others)
  A gnoll (D:10)
1 creature vanquished.

Grand Total: 275 creatures vanquished

Notes
Turn   | Place    | Note
-------+----------+-------------------------------------------
     0 | D:1      | workbot the Minotaur Berserker began the quest for the Orb.
     0 | D:1      | Reached XP level 1. HP: 19/19 MP: 0/0
   145 | D:1      | Reached skill level 4 in Axes
   194 | D:1      | Reached XP level 2. HP: 9/26 MP: 1/1
   400 | D:1      | Found a faded altar of an unknown god.
   461 | D:1      | Reached skill level 5 in Axes
   519 | D:1      | Reached XP level 3. HP: 31/31 MP: 2/2
   670 | D:1      | Reached ** piety under Trog
  1818 | D:3      | Reached XP level 4. HP: 36/39 MP: 3/3
  1979 | D:3      | Reached skill level 6 in Axes
  2534 | D:3      | Found a bloodstained altar of Trog.
  2805 | D:4      | Reached skill level 1 in Stealth
  2949 | D:4      | Reached XP level 5. HP: 45/45 MP: 4/4
  3168 | D:5      | Entered Level 5 of the Dungeon
  3175 | D:5      | Reached skill level 7 in Axes
  3260 | D:5      | Reached *** piety under Trog
  3261 | D:5      | Reached XP level 6. HP: 34/51 MP: 5/5
  3310 | D:5      | Reached skill level 8 in Axes
  3435 | D:5      | Found a staircase to the Ecumenical Temple.
  3823 | D:5      | Found a shadowy altar of Dithmenos.
  4120 | D:6      | Reached XP level 7. HP: 53/57 MP: 6/6
  4250 | D:6      | Noticed Sigmund
  4262 | D:6      | Killed Sigmund
  4263 | D:6      | Reached skill level 9 in Axes
  4742 | D:7      | Noticed a wraith
  4750 | D:7      | Killed a wraith
  4751 | D:7      | Reached skill level 10 in Axes
  4840 | D:7      | Noticed Pikel
  4880 | D:7      | Killed Pikel
  4881 | D:7      | Reached skill level 11 in Axes
  4881 | D:7      | Reached XP level 8. HP: 34/64 MP: 7/7
  5050 | D:7      | Found an ancient bone altar of Kikubaaqudgha.
  5130 | D:7      | Reached skill level 12 in Axes
  5178 | D:7      | Found a snail-covered altar of Cheibriados.
  5209 | D:7      | Found an opulent altar of Gozag.
  5444 | D:7      | Identified a scroll of acquirement
  5444 | D:7      | Acquired a +4 heavy battleaxe
  5526 | D:7      | Reached skill level 13 in Axes
  5667 | D:8      | Found a stormy altar of Qazlal.
  5767 | D:8      | Reached XP level 9. HP: 69/70 MP: 8/8
  5830 | D:8      | Reached **** piety under Trog
  5834 | D:8      | Reached skill level 14 in Axes
  6458 | D:8      | Reached skill level 15 in Axes
  6655 | D:8      | Found a glowing golden altar of the Shining One.
  7174 | D:9      | Identified the +6 hand axe of Tension {flame, Fly Str+3}
  7174 | D:9      | Noticed Grum
  7187 | D:9      | Killed Grum
  7188 | D:9      | Reached skill level 16 in Axes
  7190 | D:9      | Reached XP level 10. HP: 68/77 MP: 9/9
  7209 | D:9      | Found a flagged portal.
  7218 | Bailey   | Entered a bailey
  7333 | Bailey   | Noticed an orc knight
  7345 | Bailey   | Killed an orc knight
  7347 | Bailey   | Reached skill level 17 in Axes
  7561 | Bailey   | Noticed an orc warlord
  7576 | Bailey   | Killed an orc warlord
  7615 | Bailey   | Reached ***** piety under Trog
  7616 | Bailey   | Reached skill level 18 in Axes
  8161 | D:9      | Found a runed translucent gate.
  8162 | D:9      | Found a runed translucent gate.
  8162 | D:9      | Found a runed translucent gate.
  8162 | D:9      | Noticed becking's ghost (novice GrFi)
  8182 | D:9      | Noticed a brown very ugly thing
  8202 | D:9      | Killed a brown very ugly thing
  8203 | D:9      | Reached skill level 19 in Axes
  8203 | D:9      | Reached XP level 11. HP: 82/82 MP: 10/10
  8205 | D:9      | Killed becking's ghost
  8445 | D:9      | Found a shimmering blue altar of Sif Muna.
  8483 | D:10     | Entered Level 10 of the Dungeon
  8537 | D:10     | Found a staircase to the Lair.
  8658 | D:10     | Received a gift from Trog
  9205 | D:10     | Found an iron altar of Okawaru.
  9521 | D:11     | Found a frozen archway.
  9537 | IceCv    | Entered an ice cave
  9556 | IceCv    | HP: 3/84 [something (24)]
  9557 | IceCv    | Engulfed by a cloud of freezing vapour

Illustrated notes

Levels and vault maps discovered:
D:1:      lemuel_arrival_rhombus, layout_loops_ring,
          dreamdust_ecumenical_altar_statues, st_stairs_10
D:2:      layout_loops_corners
D:3:      layout_basic, lemuel_coloured_pillars_altar, guppyfry_early_orc_mine
D:4:      layout_basic
D:5:      layout_loops_ring, mainiacjoe_overflow_24_doors,
          minmay_temple_entry_tees
D:6:      layout_cave_pools, uniq_sigmund
D:7:      layout_loops_ring, mainiacjoe_overflow_tiny_flanked,
          mainiacjoe_overflow_two_lobes, uniq_pikel
D:8:      layout_basic, tso_altar, nicolae_qazlal_general_emergency,
          palyth_stone_intersect, minmay_fire_ice_demons
D:9:      layout_basic, nicolae_overflow_hidden_temple, enter_bailey_2,
          gammafunk_ghost_split, uniq_grum
D:10:     layout_basic, marbit_many_paths, lair_entry_dummy
D:11:     layout_basic, orc_david_3, portal_ice_cave_entry_ice_simulacra
IceCv:    ice_cave_small_demon

Skill      XL: |  1  2  3  4  5  6  7  8  9 10 11 |
---------------+----------------------------------+-----
Axes           | 4 5 6 7 8 11 13 16 19 | 19.8
Stealth        | 1 2 3 4 |  4.0
Fighting       | 4 |  4.1
Armour         | |  2.6
Dodging        | |  2.1
Shields        | |  0.9

Action                     |  1- 3 |  4- 6 |  7- 9 | 10-12 || total
---------------------------+-------+-------+-------+-------++-------
  Melee: Hand axe          |   123 |   131 |   114 |    15 ||   383
         Headbutt          |    14 |    13 |    33 |    23 ||    83
         Punch             |       |       |     2 |       ||     2
         Battleaxe         |       |       |    77 |   138 ||   215
 Invoke: Berserk           |     1 |     2 |     5 |     2 ||    10
    Use: Scroll            |     6 |     2 |    11 |     8 ||    27
         Potion            |       |       |     1 |     3 ||     4
   Stab: Sleeping          |     2 |       |       |       ||     2
         Distracted        |       |       |       |     1 ||     1
 Armour: Animal skin       |    66 |       |       |       ||    66
         Leather armour    |     9 |    28 |       |       ||    37
         Skin              |       |     4 |       |       ||     4
         Chain mail        |       |    34 |   127 |    36 ||   197
         Plate armour      |       |       |       |    80 ||    80
  Dodge: Dodged            |    72 |    63 |    93 |    67 ||   295
  Block: Kite shield       |       |       |       |     6 ||     6
